 Dungeon Crawl Stone Soup version 0.30-a0-800-g7c544603b3 (webtiles) character file.

Game seed: 10836151737130542250

6202 retardedninja the Blocker (level 10, -1/68 (82) HPs)
             Began as a Gnoll Fighter on Feb 22, 2023.
             Was an Initiate of Gozag.
             Slain by a spectral orc warrior
             ... wielding a +0 battleaxe
             ... summoned by Nergalle
              (8 damage)
             ... on level 10 of the Dungeon.
             The game lasted 00:19:25 (12384 turns).

retardedninja the Blocker (Gnoll Fighter)          Turns: 12384, Time: 00:19:26

HP:   -1/68 (82)    AC: 19    Str: 19    XL:     10   Next: 91%
MP:   18/18         EV:  5    Int: 13    God:    Gozag
Gold: 2300          SH: 21    Dex: 12    Spells: 20/20 levels left

rFire   . . .      SeeInvis .    a - +2 war axe (vamp)
rCold   + + .      Faith    .    r - +1 tower shield
rNeg    . . .      Spirit   .    b - +0 plate armour
rPois   .          Reflect  +    i - +1 helmet
rElec   .          Harm     .    (no cloak)
rCorr   .          Rampage  .    G - +0 pair of gloves "Osesouri" {Int+5}
Will    .....                    D - +0 pair of boots Stlth
                                 w - amulet of reflection
HPRegen 0.31/turn                s - ring of protection from cold
MPRegen 0.16/turn                g - ring of protection from cold

@: heavily drained
A: fangs 1, strong nose, distributed training
a: Renounce Religion, Potion Petition, Call Merchant, Bribe Branch


You were on level 10 of the Dungeon.
You worshipped Gozag.
Gozag was most pleased with you.
You visited 1 branch of the dungeon, and saw 10 of its levels.
You also visited: Bailey.

You collected 3199 gold pieces.
You paid 899 gold pieces to Gozag.

Inventory:

Hand Weapons
 a - a +2 vampiric war axe (weapon)
Missiles
 d - 10 throwing nets
 C - 5 atropa-tipped darts
 H - 6 silver boomerangs (quivered)
Armour
 b - a +0 plate armour (worn)
 i - a +1 helmet (worn)
 r - a +1 tower shield (worn)
 D - a +0 pair of boots (worn)
 G - the +0 pair of gloves "Osesouri" (worn) {Int+5}
   (You found it on level 5 of the Dungeon)

   Int:       It affects your intelligence (+5).
Jewellery
 g - a ring of protection from cold (right hand)
 s - a ring of protection from cold (left hand)
 w - an amulet of reflection (around neck)
Wands
 x - a wand of paralysis (8)
 A - a wand of flame (34)
Scrolls
 e - 8 scrolls of teleportation
 h - a scroll of immolation
 l - a scroll of blinking
 m - a scroll of butterflies
 n - 2 scrolls of amnesia
 p - a scroll of vulnerability
 q - a scroll of poison
 y - a scroll of fear
 z - a scroll of magic mapping
Potions
 k - 2 potions of resistance
 o - 2 potions of degeneration
 u - 3 potions of flight
 v - a potion of haste
 I - a potion of cancellation {unknown}
 J - a potion of might
 K - a potion of brilliance {unknown}
 L - 2 potions of curing
Miscellaneous
 c - a phantom mirror (inert)
 f - a box of beasts (inert)
 E - a condenser vane


   Skills:
 + Level 8.9 Fighting
 + Level 5.9 Short Blades
 + Level 5.9 Long Blades
 + Level 7.6 Axes
 + Level 5.9 Maces & Flails
 + Level 5.9 Polearms
 + Level 5.9 Staves
 + Level 5.9 Ranged Weapons
 + Level 5.9 Throwing
 + Level 8.9 Armour
 + Level 5.9 Dodging
 + Level 5.9 Stealth
 + Level 8.9 Shields
 + Level 5.9 Unarmed Combat
 + Level 5.9 Spellcasting
 + Level 4.9 Conjurations
 + Level 4.9 Hexes
 + Level 4.9 Summonings
 + Level 4.9 Necromancy
 + Level 4.9 Translocations
 + Level 4.9 Transmutations
 + Level 4.9 Fire Magic
 + Level 4.9 Ice Magic
 + Level 4.9 Air Magic
 + Level 4.9 Earth Magic
 + Level 4.9 Poison Magic
 + Level 6.5 Invocations
 + Level 5.9 Evocations


You had 20 spell levels left.
You didn't know any spells.
Your spell library contained the following spells:

 Spells                   Type           Power      Damage    Failure   Level
 Shock                    Conj/Air       64%        1d7       97%         1
 Cigotuvi's Dreadful Rot  Necr/Pois/Air  32%        N/A       99%         2
 Poisonous Vapours        Pois/Air       32%        N/A       99%         2
 Sublimation of Blood     Necr           16%        N/A       99%         2
 Wereblood                Tmut           16%        N/A       99%         2
 Inner Flame              Hex/Fire       16%        N/A       100%        3
 Kindle Blastsparks       Fire/Tloc/Air  32%        2d12      100%        3
 Mephitic Cloud           Conj/Pois/Air  16%        N/A       100%        3
 Stone Arrow              Conj/Erth      32%        3d9       100%        3
 Swiftness                Air            16%        N/A       100%        3
 Airstrike                Air            8%         2d(2-18)  100%        4
 Animate Armour           Summ/Erth      32%        N/A       100%        4
 Dispel Undead            Necr           16%        3d10      100%        4
 Fulminant Prism          Conj/Hex       8%         3d7       100%        4
 Iskenderun's Mystic Bla  Conj/Tloc      16%        2d5       100%        4
 Lee's Rapid Deconstruct  Erth           8%         3d7*      100%        5
 Death Channel            Necr           8%         N/A       100%        6
 Summon Hydra             Summ           8%         N/A       100%        7
 Lehudib's Crystal Spear  Conj/Erth      8%         10d3      100%        8
 Death's Door             Necr           8%         N/A       100%        9
 Animate Dead             Necr           Unusable   N/A       N/A         4

Dungeon Overview and Level Annotations

Branches:
Dungeon (10/15)            Temple (0/1) D:7            Lair (0/5) D:9
    Orc (0/2) D:9          Bailey (visited)

Altars:
Ashenzari
Fedhas
Gozag
Hepliaklqana
Makhleb
Nemelex Xobeh
Sif Muna
Vehumet
Wu Jian
Yredelemnul
The Shining One

Shops:
D:1 =   D:4 (

Annotations:
D:5 2 transporters, tarna41's ghost, novice MiBe
D:10 Nergalle


Innate Abilities, Weirdness & Mutations

You have very sharp teeth.
Your uncanny sense of smell can sniff out nearby items.
Your experience applies equally to all skills.


Message History

The spectral orc knight hits you with a +0 great sword.
You closely miss Nergalle. Your bite misses Nergalle.
Nergalle is severely wounded.
You hit the spectral orc warrior but do no damage.
You hit the spectral orc knight but do no damage.
You hit the spectral orc warrior but do no damage.
You slash the spectral orc!
You destroy the spectral orc!
The spectral orc disappears in a puff of smoke!
You hit the spectral orc warrior but do no damage.
Nergalle points at the spectral orc knight and mumbles some strange words.
The spectral orc knight seems to speed up.
You block the spectral orc warrior's attack. x2
You block the spectral orc knight's attack.
The spectral orc warrior hits you with a +0 battleaxe!
* * * LOW HITPOINT WARNING * * *
The spectral orc knight hits you with a +0 great sword.
* * * LOW HITPOINT WARNING * * *
You feel drained.
* * * LOW HITPOINT WARNING * * *
The spectral orc warrior barely misses you.
The spectral orc warrior hits you with a +0 battleaxe.
* * * LOW HITPOINT WARNING * * *
You feel drained.
Nergalle points at you and mumbles some strange words.
Orcish apparitions take form around you.
You block the spectral orc knight's attack.
You closely miss Nergalle.
Nergalle is severely wounded.
You hit the spectral orc warrior but do no damage.
You hit the spectral orc warrior. x2
You barely miss the spectral orc knight.
You slash the spectral orc warrior!
You block the spectral orc knight's attack.
The spectral orc warrior hits you with a +0 battleaxe.
* * * LOW HITPOINT WARNING * * *
You block the spectral orc knight's attack.
The spectral orc warrior hits you with a +0 battleaxe!
You die...
Your body crumbles into a pile of gold.

#######################
...........>...........
#####...#########......
#...# #..###. #...#
#))# #. #ZZ.# #..# #.
#Z@Z# #..# #. #Zo.#
#..# #. #Z..# #..# #.
#...# #..# #. #...#
#..# #. #!..# #..#
#...# #..# #...#


You could see Nergalle, 4 spectral orc warriors and 2 spectral orc knights.

Vanquished Creatures
  A two-headed ogre (D:10)
  2 yaks (D:9)
  Grum (Bailey)
  A wraith (D:6)
  2 steam dragons
  2 orc warriors (D:9)
  A water moccasin (D:5)
  3 black bears
  3 ice beasts
  A sky beast (D:6)
  3 wolves (Bailey)
  A centaur (D:6)
  3 phantoms
  4 kobold brigands
  2 necrophages
  5 bullfrogs
  8 gnoll sergeants
  2 scorpions (D:5)
  7 wights
  6 killer bees
  A howler monkey (D:6)
  A jelly (D:6)
  7 gnoll boudas
  5 hounds
  Jessica (D:3)
  3 iguanas
  5 orc wizards
  38 gnolls
  4 adders
  2 shadow imps
  3 worms
  2 dart slugs
  16 orcs
  4 endoplasms
  3 giant cockroaches
  10 goblins
  2 hobgoblins
  6 jackals
  2 quokkas
  7 ball pythons
  A bat (D:2)
  A frilled lizard (D:2)
  24 kobolds
  5 rats
211 creatures vanquished.

Vanquished Creatures (collateral kills)
  A wolf (Bailey)
  A gnoll sergeant (Bailey)
  A gnoll bouda (Bailey)
  3 gnolls (Bailey)
6 creatures vanquished.

Vanquished Creatures (others)
  7 fungi (D:9)
  19 plants
26 creatures vanquished.

Grand Total: 243 creatures vanquished

Notes
Turn   | Place    | Note
-------+----------+-------------------------------------------
     0 | D:1      | retardedninja the Gnoll Fighter began the quest for the
                  | Orb.
     0 | D:1      | Reached XP level 1. HP: 23/23 MP: 1/1
    25 | D:1      | Found Yjostr Xenuyll's Jewellery Emporium.
   174 | D:1      | Reached XP level 2. HP: 29/29 MP: 2/2
   278 | D:1      | Reached XP level 3. HP: 31/35 MP: 3/3
   727 | D:2      | Reached skill level 1 in Invocations
   821 | D:2      | Reached skill level 1 in Short Blades
   821 | D:2      | Reached skill level 1 in Long Blades
   821 | D:2      | Reached skill level 1 in Maces & Flails
   821 | D:2      | Reached skill level 1 in Polearms
   821 | D:2      | Reached skill level 1 in Staves
   821 | D:2      | Reached skill level 1 in Ranged Weapons
   821 | D:2      | Reached skill level 1 in Throwing
   821 | D:2      | Reached skill level 1 in Dodging
   821 | D:2      | Reached skill level 1 in Stealth
   821 | D:2      | Reached skill level 1 in Unarmed Combat
   821 | D:2      | Reached skill level 1 in Spellcasting
   821 | D:2      | Reached skill level 1 in Evocations
  1428 | D:3      | Found an opulent altar of Gozag.
  1463 | D:3      | Became a worshipper of Gozag Ym Sagoz the Greedy
  1498 | D:3      | Reached XP level 4. HP: 38/41 MP: 5/5
  1552 | D:3      | Identified the +0 mace "Gnoll's Doom" {heavy, rPois Str-4
                  | Dex+6}
  1753 | D:3      | Noticed Jessica
  1757 | D:3      | Killed Jessica
  1758 | D:3      | Reached skill level 1 in Conjurations
  1758 | D:3      | Reached skill level 1 in Hexes
  1758 | D:3      | Reached skill level 1 in Summonings
  1758 | D:3      | Reached skill level 1 in Necromancy
  1758 | D:3      | Reached skill level 1 in Translocations
  1758 | D:3      | Reached skill level 1 in Transmutations
  1758 | D:3      | Reached skill level 1 in Fire Magic
  1758 | D:3      | Reached skill level 1 in Ice Magic
  1758 | D:3      | Reached skill level 1 in Air Magic
  1758 | D:3      | Reached skill level 1 in Earth Magic
  1758 | D:3      | Reached skill level 1 in Poison Magic
  2521 | D:4      | Noticed an ice beast
  2528 | D:4      | Killed an ice beast
  2529 | D:4      | Reached XP level 5. HP: 28/47 MP: 5/7
  2626 | D:4      | Found a shimmering blue altar of Sif Muna.
  2665 | D:4      | Found Saorug's Antique Weapon Shoppe.
  2734 | D:4      | Reached XP level 6. HP: 40/53 MP: 8/8
  3006 | D:4      | Found a radiant altar of Vehumet.
  3407 | D:5      | Entered Level 5 of the Dungeon
  3465 | D:5      | Identified the +8 spear of Plog {pain, rN+ Int-3 Dex+2}
  3465 | D:5      | Identified the +5 scale mail of Dyspraxia {rF- rN++ MP-9
                  | Stlth+}
  3465 | D:5      | Identified the +2 kite shield of Happy Babbling {Harm rC-
                  | Int+2 Dex+5}
  3472 | D:5      | Noticed tarna41's ghost (novice MiBe)
  3512 | D:5      | Reached skill level 5 in Axes
  3599 | D:5      | Identified the +0 pair of gloves "Osesouri" {Int+5}
  3647 | D:5      | Noticed a water moccasin
  3658 | D:5      | Killed a water moccasin
  3893 | D:5      | Reached XP level 7. HP: 43/60 MP: 10/10
  4190 | D:5      | Found a transporter.
  4192 | D:5      | Found a transporter.
  4349 | D:5      | Found a sparkling altar of Nemelex Xobeh.
  4353 | D:5      | Found a blossoming altar of Fedhas.
  4356 | D:5      | Found a glowing golden altar of the Shining One.
  4357 | D:5      | Found a burning altar of Makhleb.
  4359 | D:5      | Found a hazy altar of Hepliaklqana.
  4361 | D:5      | Found a basalt altar of Yredelemnul.
  4509 | D:6      | Noticed a wraith
  4517 | D:6      | Reached XP level 8. HP: 58/67 MP: 12/12
  4521 | D:6      | Killed a wraith
  5870 | D:5      | Identified a scroll of acquirement
  5870 | D:5      | Acquired 924 gold pieces
  6157 | D:6      | Reached XP level 9. HP: 67/73 MP: 14/14
  6278 | D:6      | Found a broken altar of Ashenzari.
  6955 | D:7      | Found a flagged portal.
  7045 | Bailey   | Entered a bailey
  7648 | Bailey   | Noticed Grum
  7669 | Bailey   | Reached skill level 5 in Invocations
  7728 | Bailey   | Killed Grum
  8237 | Bailey   | Reached skill level 5 in Short Blades
  8237 | Bailey   | Reached skill level 5 in Long Blades
  8237 | Bailey   | Reached skill level 5 in Maces & Flails
  8237 | Bailey   | Reached skill level 5 in Polearms
  8237 | Bailey   | Reached skill level 5 in Staves
  8237 | Bailey   | Reached skill level 5 in Ranged Weapons
  8237 | Bailey   | Reached skill level 5 in Throwing
  8237 | Bailey   | Reached skill level 5 in Dodging
  8237 | Bailey   | Reached skill level 5 in Stealth
  8237 | Bailey   | Reached skill level 5 in Unarmed Combat
  8237 | Bailey   | Reached skill level 5 in Spellcasting
  8237 | Bailey   | Reached skill level 5 in Evocations
  8240 | Bailey   | Reached XP level 10. HP: 73/81 MP: 17/17
  8507 | Bailey   | Got the Textbook on Lava and Sciomancy
  9040 | D:7      | Found a staircase to the Ecumenical Temple.
 11101 | D:9      | Found a staircase to the Orcish Mines.
 11200 | D:9      | Found an ornate altar of the Wu Jian Council.
 11605 | D:9      | Found a staircase to the Lair.
 12217 | D:10     | Entered Level 10 of the Dungeon
 12299 | D:10     | Noticed a two-headed ogre
 12309 | D:10     | Killed a two-headed ogre
 12353 | D:10     | Noticed Nergalle
 12384 | D:10     | Slain by a spectral orc warrior

Illustrated notes

Levels and vault maps discovered:
D:1:      heliophobic_arrival_henge, layout_loops_ring, serial_shops, shop
D:2:      layout_loops_ring, dk_noncrumbling_2
D:3:      layout_basic, nicolae_gozag_seed_capital, kennysheep_generic_room_4,
          uniq_jessica
D:4:      layout_basic, nicolae_vehumet_altar_sigil,
          mainiacjoe_overflow_catwalk, serial_shops, shop_fountains
D:5:      layout_basic, minitemple, gammafunk_ghost_gnarly_gnolls,
          minmay_misc_feat_five
D:6:      layout_cave_pools, mainiacjoe_overflow_surrounded_room,
          supply_closet_lemuel
D:7:      layout_cave_pools, minmay_temple_entry_offerings, enter_bailey_6
D:8:      layout_basic
D:9:      layout_stronghold, nicolae_wu_jian_glorious_leap,
          grunt_lair_entry_orc_guard_hut, orc_0_dummy, eino_tiny_chamber,
          minmay_variable_closet
D:10:     layout_long_grid, kennysheep_mini_moat,
          nicolae_overflow_crystal_walls, moated_statue, uniq_josephine,
          uniq_nergalle

Skill      XL: |  1  2  3  4  5  6  7  8  9 10 |
---------------+-------------------------------+-----
Invocations    | 1 2 3 4 5 6 |  6.5
Short Blades   | 1 2 3 5 |  5.9
Long Blades    | 1 2 3 5 |  5.9
Maces & Flails | 1 2 3 5 |  5.9
Polearms       | 1 2 3 5 |  5.9
Staves         | 1 2 3 5 |  5.9
Ranged Weapons | 1 2 3 5 |  5.9
Throwing       | 1 2 3 5 |  5.9
Dodging        | 1 2 3 5 |  5.9
Stealth        | 1 2 3 5 |  5.9
Unarmed Combat | 1 2 3 5 |  5.9
Spellcasting   | 1 2 3 5 |  5.9
Evocations     | 1 2 3 5 |  5.9
Conjurations   | 1 2 3 4 |  4.9
Hexes          | 1 2 3 4 |  4.9
Summonings     | 1 2 3 4 |  4.9
Necromancy     | 1 2 3 4 |  4.9
Translocations | 1 2 3 4 |  4.9
Transmutations | 1 2 3 4 |  4.9
Fire Magic     | 1 2 3 4 |  4.9
Ice Magic      | 1 2 3 4 |  4.9
Air Magic      | 1 2 3 4 |  4.9
Earth Magic    | 1 2 3 4 |  4.9
Poison Magic   | 1 2 3 4 |  4.9
Axes           | 5 6 7 |  7.6
Fighting       | 7 8 |  8.9
Armour         | 7 8 |  8.9
Shields        | 7 8 |  8.9

Action                     |  1- 3 |  4- 6 |  7- 9 | 10-12 || total
---------------------------+-------+-------+-------+-------++-------
  Melee: War axe           |    78 |    82 |   299 |   270 ||   729
         Bite              |     8 |     7 |    38 |    33 ||    86
  Throw: Boomerang         |       |    42 |    77 |    19 ||   138
         Dart              |       |    18 |     2 |       ||    20
 Invoke: Potion Petition   |       |       |     2 |       ||     2
  Evoke: Wand              |       |       |     1 |       ||     1
         Box of beasts     |       |       |     1 |       ||     1
         Phantom mirror    |       |       |     1 |       ||     1
    Use: Potion            |       |     1 |    18 |     3 ||    22
         Scroll            |       |       |    15 |    12 ||    27
   Stab: Invisible         |       |       |    18 |       ||    18
         Distracted        |       |       |     1 |     1 ||     2
 Armour: Scale mail        |    30 |       |       |       ||    30
         Chain mail        |     4 |    65 |   106 |       ||   175
         Plate armour      |       |       |   236 |   163 ||   399
         Skin              |       |       |     6 |       ||     6
  Dodge: Dodged            |    24 |    27 |    89 |    53 ||   193
  Block: Buckler           |    20 |       |       |       ||    20
         Tower shield      |    10 |   101 |   496 |   365 ||   972

Table legend: (Time is in decaauts)
 A = Elapsed time spent in this place.
 B = Non-inter-level travel time spent in this place.
 C = Inter-level travel time spent in this place.
 D = Time resting spent in this place.
 E = Time spent auto-exploring this place.
 F = Levels seen in this place.
 G = Mean time per level.
                   A        B        C        D        E       F      G
               +--------+--------+--------+--------+--------+-----+--------+
         Total |  12793 |  12392 |    401 |   3872 |   6054 |  11 | 1163.0 |
       Dungeon |  11106 |  10705 |    401 |   2811 |   5894 |  10 | 1110.6 |
        Bailey |   1687 |   1687 |      0 |   1061 |    160 |   1 | 1687.0 |
               +--------+--------+--------+--------+--------+-----+--------+

Top non-repeatable levels by time:
     D:5: 2170 daAuts
  Bailey: 1687 daAuts
     D:9: 1566 daAuts
     D:6: 1343 daAuts
     D:8: 1270 daAuts
     D:4: 1074 daAuts
     D:3: 1030 daAuts
     D:7: 1008 daAuts
     D:2: 767 daAuts
     D:1: 676 daAuts
    D:10: 200 daAuts
